 Dungeon Crawl Stone Soup version 0.27-a0-1036-g8e1b44f6bd (webtiles) character file.

Game seed: 15428307766851727509

66 tardwrangler69 the Digger (level 3, 0/26 HPs)
             Began as a Draconian Earth Elementalist on Apr 18, 2021.
             Was an Initiate of Vehumet.
             Asphyxiated
             ... in a sewer.
             The game lasted 00:03:41 (3421 turns).

tardwrangler69 the Digger (DrEE)                    Turns: 3421, Time: 00:03:41

Health: 0/26       AC:  5    Str: 10    XL:     3   Next: 96%
Magic:  5/7        EV: 12    Int: 16    God:    Vehumet [......]
Gold:   74         SH:  0    Dex: 11    Spells: 6/7 levels left

rFire    . . .     SeeInvis .   g - +0 spear
rCold    + . .     Faith    .   (no shield)
rNeg     . . .     Spirit   .   (armour unavailable)
rPois    .         Reflect  .   (helmet restricted)
rElec    .         Harm     .   (no cloak)
rCorr    .         Rampage  .   (no gloves)
Will     .....                  (no boots)
Stlth    ++........             (no amulet)
HPRegen  0.08/turn              j - ring of wizardry
MPRegen  0.10/turn              o - ring of protection from cold

@: lethally poisoned (0 -> -20), slowed, very slow
A: AC +5, unfitting armour, cold-blooded
a: Renounce Religion


You were in a sewer.
You worshipped Vehumet.
Vehumet was noncommittal.
You visited 1 branch of the dungeon, and saw 3 of its levels.
You also visited: Sewer.

You collected 87 gold pieces.
You spent 13 gold pieces at shops.

Inventory:

Hand Weapons
 g - a +0 spear (weapon)
Missiles
 b - 7 stones
 e - 3 boomerangs of dispersal
Jewellery
 j - a ring of wizardry (left hand)
 o - a ring of protection from cold (right hand)
Scrolls
 f - a scroll of blinking {unknown}
 h - a scroll of magic mapping
Potions
 a - a potion of magic {unknown}
 c - a potion of curing {unknown}
 d - 2 potions of heal wounds {unknown}
 k - 3 potions of berserk rage


   Skills:
 - Level 1.7 Dodging
 - Level 1.7 Stealth
 + Level 2.7 Spellcasting
 - Level 1.0 Transmutations
 * Level 4.3 Earth Magic


You had 6 spell levels left.
You knew the following spells:

 Your Spells              Type           Power      Damage    Failure   Level
a - Sandblast             Erth           32%        2d9       1%          1

Your spell library contained the following spells:

 Spells                   Type           Power      Damage    Failure   Level
 Passwall                 Tmut/Erth      8%         N/A       4%          2
 Animate Skeleton         Necr           4%         N/A       8%          1
 Pain                     Necr           8%         1d4       8%          1
 Stone Arrow              Conj/Erth      18%        3d8       10%         3
 Vampiric Draining        Necr           1%         2d6       22%         3
 Petrify                  Tmut/Erth      10%        N/A       26%         4
 Lee's Rapid Deconstruct  Erth           8%         3d8*      32%         5
 Animate Dead             Necr           1%         N/A       56%         4
 Agony                    Necr           2%         N/A       88%         5


Dungeon Overview and Level Annotations

Branches:
Dungeon (3/15)              Sewer (1/1)

Altars:
Uskayaw
Vehumet
Xom

Shops:
D:3 !


Innate Abilities, Weirdness & Mutations

Your plain brown scales are hard. (AC +5)
You cannot fit into any form of body armour.
You are cold-blooded and may be slowed by cold attacks.


Message History

Found a purple potion.
A kobold brigand is nearby!
A kobold brigand is nearby!
A kobold brigand is nearby!
A kobold brigand is nearby!
The kobold brigand throws a curare-tipped dart.
The curare-tipped dart closely misses you.
The kobold brigand throws a curare-tipped dart.
The curare-tipped dart hits you.
You are poisoned.
You have difficulty breathing.
You feel yourself slow down.
Casting: Sandblast (safe; 1% risk of failure)
Confirm with . or Enter, or press ? or * to list all spells.
Aiming: Sandblast (safe; 1% risk of failure)
Press: ? - help, Shift-Dir - straight line, f - kobold brigand
Aim: a kobold brigand, wielding a +0 whip and quivering curare-tipped darts (74% to hit)
The blast of sand hits the kobold brigand!
The kobold brigand is moderately wounded.
You feel very sick.
The kobold brigand throws a curare-tipped dart.
The curare-tipped dart hits you.
You are more poisoned.
You have difficulty breathing.
You feel as though you will be slow longer.
Casting: Sandblast (safe; 1% risk of failure)
Confirm with . or Enter, or press ? or * to list all spells.
Aiming: Sandblast (safe; 1% risk of failure)
Press: ? - help, Shift-Dir - straight line, f/p - kobold brigand
Aim: a kobold brigand, wielding a +0 whip and quivering curare-tipped darts (moderately wounded, 74% to hit)
The blast of sand hits the kobold brigand.
The kobold brigand is heavily wounded.
* * * LOW HITPOINT WARNING * * *
You feel very sick.
The kobold brigand throws a curare-tipped dart.
The curare-tipped dart closely misses you.
The kobold brigand throws a curare-tipped dart.
The curare-tipped dart hits you.
You are more poisoned.
You have difficulty breathing.
You die...

≈≈.##.≈..# ≈.≈≈.≈..#
....≈.≈# ≈≈.≈...#
≈≈.≈≈≈≈# ....≈≈≈#
≈....≈≈## ######
.≈.≈≈≈.≈## #####≈≈K≈.#
≈..##.≈..####≈≈≈@.#
≈.####.≈≈...≈≈###≈≈≈≈!#
..# #...≈≈≈..# ######
≈≈. ##≈.≈≈≈.≈# ≈≈..
#######≈≈.≈ #.≈≈≈ #####
#≈.≈


You could see a kobold brigand.

Vanquished Creatures
  An adder (D:2)
  2 worms
  A dart slug (D:1)
  An orc (D:3)
  9 ball pythons
  7 endoplasms
  A giant cockroach (D:3)
  2 goblins
  A hobgoblin (D:1)
  2 jackals
  2 quokkas
  6 bats
  2 frilled lizards (D:1)
  4 kobolds
  3 rats
44 creatures vanquished.

Notes
Turn   | Place    | Note
-------+----------+-------------------------------------------
     0 | D:1      | tardwrangler69 the Draconian Earth Elementalist began the
                  | quest for the Orb.
     0 | D:1      | Reached XP level 1. HP: 14/14 MP: 3/3
   401 | D:1      | Reached XP level 2. HP: 13/20 MP: 5/5
   710 | D:1      | Found a faded altar of an unknown god.
  1524 | D:1      | Reached XP level 3. HP: 11/26 MP: 0/6
  1752 | D:2      | Found a shimmering altar of Xom.
  1905 | D:2      | Reached skill level 4 in Earth Magic
  2942 | D:3      | Found a radiant altar of Vehumet.
  3042 | D:3      | Found Kulos's Distillery.
  3123 | D:3      | Became a worshipper of Vehumet
  3196 | D:3      | Bought a potion of degeneration for 13 gold pieces
  3308 | D:3      | Found a hide-covered altar of Uskayaw.
  3351 | D:3      | Found a glowing drain.
  3388 | Sewer    | Entered a sewer
  3417 | Sewer    | Noticed a kobold brigand
  3421 | Sewer    | Asphyxiated

Illustrated notes

Levels and vault maps discovered:
D:1:      grunt_arrival_lava_bath, layout_basic,
          chequers_ecumenical_altar_simple
D:2:      layout_basic, basic_altar, minmay_pentomino_x2
D:3:      layout_basic, beargit_hepliaklqana_dungeon_heroes,
          nicolae_uskayaw_dance_hall, nicolae_vehumet_radiance, serial_shops,
          shop, cheibrodos_sewer_entry_sluice
Sewer:    sewer_co_tree

Skill      XL: |  1  2  3 |
---------------+----------+-----
Earth Magic    | 4 |  4.3
Dodging        | |  1.7
Stealth        | |  1.7
Spellcasting   | |  2.7
Transmutations | |  1.0

Action                   || total
-------------------------++-------
Melee: Unarmed           ||    17
       Dagger            ||    34
       Tailslap          ||     8
       Spear             ||   117
 Cast: Sandblast         ||    30
  Use: Scroll            ||     5
 Stab: Sleeping          ||     9
Armor: Skin              ||    48
Dodge: Dodged            ||   113

Table legend: (Time is in decaauts)
 A = Elapsed time spent in this place.
 B = Non-inter-level travel time spent in this place.
 C = Inter-level travel time spent in this place.
 D = Time resting spent in this place.
 E = Time spent auto-exploring this place.
 F = Levels seen in this place.
 G = Mean time per level.
                   A        B        C        D        E       F      G
               +--------+--------+--------+--------+--------+-----+--------+
         Total |   3444 |   3212 |    232 |     21 |   2743 |   4 |  861.0 |
       Dungeon |   3406 |   3174 |    232 |     21 |   2711 |   3 | 1135.3 |
         Sewer |     38 |     38 |      0 |      0 |     31 |   1 |   38.0 |
               +--------+--------+--------+--------+--------+-----+--------+

Top non-repeatable levels by time:
     D:1: 1699 daAuts
     D:2: 1173 daAuts
     D:3: 533 daAuts
   Sewer: 38 daAuts
